 Dungeon Crawl Stone Soup version 0.27.1-4-g1640c2035a (webtiles) character file.

Game seed: 4850138428443784843

19887 unlimited1921 the Fighter (level 12, -7/130 HPs)
             Began as a Troll Fighter on Nov 15, 2021.
             Was an Initiate of Gozag.
             Hit by a large rock thrown by a stone giant (33 damage)
             ... on level 2 of the Lair of Beasts.
             The game lasted 01:54:34 (14345 turns).

unlimited1921 the Fighter (Troll Fighter)          Turns: 14345, Time: 01:54:34

Health: -7/130     AC: 10    Str: 31    XL:     12   Next: 40%
Magic:  11/11      EV: 26    Int:  4    God:    Gozag
Gold:   2324       SH: 11    Dex:  9    Spells: 11/11 levels left

rFire    . . .     SeeInvis +   M - +3 flail
rCold    . . .     Faith    .   c - +0 kite shield
rNeg     . . .     Spirit   .   L - +0 steam dragon scales
rPois    +         Reflect  .   C - +2 hat {Will+}
rElec    .         Harm     .   k - +0 cloak
rCorr    .         Rampage  .   (gloves unavailable)
Will     +....                  (boots unavailable)
Stlth    ++........             l - amulet of the acrobat
HPRegen  1.31/turn              x - ring of see invisible
MPRegen  0.12/turn              A - ring of poison resistance

@: acrobatic
A: large, unfitting armour, claws 3, regeneration 1, shaggy fur 1, tough skin 1
a: Renounce Religion, Potion Petition, Call Merchant, Bribe Branch


You were on level 2 of the Lair of Beasts.
You worshipped Gozag.
Gozag was most pleased with you.
You visited 4 branches of the dungeon, and saw 14 of its levels.

You collected 2427 gold pieces.
You paid 103 gold pieces to Gozag.

Inventory:

Hand Weapons
 u - a +0 long sword
 w - a +2 short sword of electrocution
 J - a +3 mace
 M - a +3 flail (weapon)
 R - a +0 hunting sling
Missiles
 p - 8 datura-tipped darts
 G - 3 curare-tipped darts
 K - 20 poisoned darts
 N - 5 boomerangs
 S - 121 sling bullets
 X - 13 bolts
Armour
 c - a +0 kite shield (worn)
 k - a +0 cloak (worn)
 C - a +2 hat of willpower (worn)
 L - +0 steam dragon scales (worn)
Jewellery
 l - an amulet of the acrobat (around neck)
 m - an amulet of regeneration
 x - a ring of see invisible (left claw)
 A - a ring of poison resistance (right claw)
 W - a ring of protection from cold
Wands
 a - a wand of mindburst (16)
 f - a wand of digging (5)
 r - a wand of charming (11) (quivered)
 D - a wand of iceblast (10)
 P - a wand of flame (9)
Scrolls
 g - 5 scrolls of enchant weapon
 i - 3 scrolls of magic mapping
 o - 2 scrolls of enchant armour
 q - 2 scrolls of fear
 s - 2 scrolls of immolation
 t - 4 scrolls of teleportation
 E - a scroll of torment
 F - a scroll of blinking
 Y - 2 scrolls of holy word
Potions
 b - 2 potions of haste {unknown}
 d - 2 potions of might
 h - 2 potions of mutation
 z - 2 potions of invisibility
 B - 2 potions of resistance
 H - 2 potions of flight
 I - 2 potions of cancellation {unknown}
 Q - 2 potions of curing
 T - 2 potions of lignification
 V - 2 potions of attraction {unknown}
Miscellaneous
 j - a phantom mirror


   Skills:
 * Level 11.6 Fighting
 - Level 2.3(2.7) Short Blades
 - Level 1.8(2.4) Long Blades
 + Level 2.2 Maces & Flails
 - Level 6.0 Throwing
 + Level 7.7 Dodging
 + Level 3.0 Stealth
 + Level 7.9 Shields
 + Level 1.3 Evocations


You had 11 spell levels left.
You didn't know any spells.
Your spell library was empty.

Dungeon Overview and Level Annotations

Branches:
Dungeon (10/15)            Temple (1/1) D:6            Lair (2/6) D:10
 Shoals (1/4) Lair:2
  Snake: Lair:2-4    Spider: Lair:2-4       Orc: D:9-12

Altars:
Ashenzari
Cheibriados
Dithmenos
Elyvilon
Fedhas
Gozag
Hepliaklqana
Kikubaaqudgha
Makhleb
Nemelex Xobeh
Okawaru
Qazlal
Ru
Sif Muna
Trog
Uskayaw
Wu Jian
Xom
Yredelemnul
Zin
The Shining One

Portals:
Trove: D:10 (give 6 scrolls of fear)


Innate Abilities, Weirdness & Mutations

You are too large for most types of armour.
You have claws for hands.
Your natural rate of healing is unusually fast.
You are covered in fur. (AC +1)
You have tough skin. (AC +1)


Message History

Done waiting.
You enter the shallow water.
Moving in this stuff is going to be slow.
Done exploring.
Done exploring.
Done exploring.
Done exploring.
Done exploring.
There is a staircase to the Shoals here.
You climb downwards.
Welcome to the Shoals!
This branch is very noisy, and so sound travels much less far.
This branch contains the barnacled rune of Zot.
Found 19 gold pieces.
There is a staircase back to the Lair here.
Press: ? - help, v - describe, . - travel
Here: a stone giant, quivering large rocks (asleep)
The floor.
The cyclops shouts! 2 cyclopes come into view.
The cyclops shouts! x2
The cyclops throws a large rock.
The large rock completely misses you.
The cyclops moves out of view.
You hear a shout! x2
You hear a shout!
The stone giant throws a large rock.
The large rock hits you!!!
You hear a shout!
There is a staircase back to the Lair here.
You climb upwards.
Welcome back to the Lair of Beasts!
There is a staircase to the Shoals here.
The stone giant throws a large rock.
You block the large rock. The stone giant hits you!!
You hit the stone giant.
The stone giant is lightly wounded.
The stone giant hits you!!
The stone giant hits you but does no damage.
The stone giant throws a large rock.
The large rock hits you!!!
* * * LOW HITPOINT WARNING * * *
The stone giant throws a large rock.
The large rock hits you!!
You die...
Your body crumbles into a pile of gold.

.#....P...P........P#
.##.....P....PP...P.#
..###P#........P....# ..#
###....P.P.P...## .⌠#
###...........# ..#
##..P...C..######## ..##
#####(...#...# #.#..##
.#.####.###.......P###.....#
..##.....)#.....@.##......##
.#...###.#.......P........#
...#............(....#....#
...+...⌠...#....+..###....#
................#### #....#
...#..#.#..#....# ###+.###
..###.....##....## #....#
..###..######.+#.# ###.##
.#.###.# #####..##
#######..###


You could see a stone giant.

Vanquished Creatures
  Gastronok (D:10)
  2 two-headed ogres (D:8)
  A tengu warrior (D:9)
  Sonja (D:10)
  Pikel (D:8)
  A cyclops (D:9)
  3 centaur zombies
  Maurice (D:8)
  2 cane toads
  A black mamba (Lair:1)
  Joseph (D:8)
  Maggie (D:7)
  2 komodo dragons
  3 trolls
  9 blink frogs
  2 wyverns (D:9)
  20 yaks
  A steam dragon (D:8)
  2 basilisks
  2 vampire mosquitoes
  Menkaure (D:7)
  7 water moccasins
  5 orc warriors
  A sky beast (D:6)
  3 black bears
  2 necrophages
  2 ice beasts
  2 ogres (D:7)
  8 wolves
  6 centaurs
  A kobold brigand (D:6)
  6 bullfrogs
  A wyvern zombie (D:8)
  4 scorpions
  2 wyvern skeletons
  A water moccasin skeleton (D:4)
  10 killer bees
  An electric eel (Lair:2)
  7 howler monkeys
  A bullfrog zombie (D:5)
  2 jellies
  Crazy Yiuf (D:7)
  A hound (D:6)
  2 orc priests
  A bullfrog skeleton (D:4)
  A gnoll shaman (D:7)
  Jessica (D:3)
  5 iguanas
  6 orc wizards
  Ijyb (D:5)
  A hound skeleton (D:4)
  A howler monkey zombie (D:6)
  6 adders
  8 gnolls
  A howler monkey skeleton (D:4)
  A shadow imp (D:6)
  3 white imps
  2 ufetubi (D:7)
  An adder skeleton (D:4)
  A dart slug (D:2)
  31 orcs
  6 ball pythons
  A bat (D:2)
  4 endoplasms
  4 giant cockroaches
  5 goblins
  4 hobgoblins
  5 jackals
  13 kobolds
  5 quokkas
  A frilled lizard (D:3)
  3 rats
256 creatures vanquished.

Vanquished Creatures (others)
  A wolf (Lair:1)
  An orc wizard (D:8)
  A kobold (D:7)
  7 fungi
  49 plants
  11 withered plants (D:1)
70 creatures vanquished.

Grand Total: 326 creatures vanquished

Notes
Turn   | Place    | Note
-------+----------+-------------------------------------------
     0 | D:1      | unlimited1921 the Troll Fighter began the quest for the
                  | Orb.
     0 | D:1      | Reached XP level 1. HP: 22/22 MP: 0/0
   262 | D:1      | Reached XP level 2. HP: 29/29 MP: 1/1
   533 | D:1      | You fall into a shaft and drop 1 floor!
   553 | D:2      | Reached skill level 3 in Fighting
   740 | D:2      | Reached XP level 3. HP: 37/37 MP: 2/2
  1747 | D:1      | Found a faded altar of an unknown god.
  1861 | D:1      | Reached XP level 4. HP: 48/48 MP: 3/3
  1942 | D:1      | Reached skill level 4 in Fighting
  2143 | D:3      | Noticed Jessica
  2146 | D:3      | Killed Jessica
  2597 | D:3      | Reached XP level 5. HP: 54/55 MP: 4/4
  3308 | D:4      | Reached skill level 5 in Fighting
  3469 | D:4      | Reached XP level 6. HP: 57/66 MP: 5/5
  3907 | D:4      | Found a glowing golden altar of the Shining One.
  4350 | D:5      | Entered Level 5 of the Dungeon
  4469 | D:5      | Noticed Ijyb
  4475 | D:5      | Killed Ijyb
  4658 | D:5      | Reached skill level 6 in Fighting
  4665 | D:5      | Reached skill level 1 in Stealth
  4665 | D:5      | Reached XP level 7. HP: 74/75 MP: 6/6
  5045 | D:6      | Reached skill level 1 in Short Blades
  5091 | D:6      | Reached XP level 8. HP: 61/84 MP: 7/7
  5143 | D:6      | Found a staircase to the Ecumenical Temple.
  5149 | Temple   | Entered the Ecumenical Temple
  5162 | Temple   | Became a worshipper of Gozag Ym Sagoz the Greedy
  5271 | D:6      | Found an iron altar of Okawaru.
  5271 | D:6      | Found a shadowy altar of Dithmenos.
  5271 | D:6      | Found a shimmering altar of Xom.
  5271 | D:6      | Found a snail-covered altar of Cheibriados.
  5349 | D:6      | Reached skill level 7 in Fighting
  5391 | D:6      | Found a white marble altar of Elyvilon.
  5393 | D:6      | Found a burning altar of Makhleb.
  6156 | D:7      | Noticed Maggie
  6245 | D:7      | Killed Maggie
  6246 | D:7      | Reached XP level 9. HP: 84/96 MP: 8/8
  6381 | D:7      | Reached skill level 8 in Fighting
  6424 | D:7      | Noticed a troll
  6564 | D:6      | Killed a troll
  6909 | D:7      | Noticed Menkaure
  6918 | D:7      | Killed Menkaure
  7129 | D:7      | Reached skill level 9 in Fighting
  7169 | D:7      | Found a runed translucent door.
  7170 | D:7      | Noticed Crazy Yiuf
  7180 | D:7      | Killed Crazy Yiuf
  7295 | D:8      | Found a broken altar of Ashenzari.
  7313 | D:8      | Noticed Maurice
  7337 | D:8      | Noticed Joseph
  7344 | D:8      | Noticed Pikel
  7355 | D:8      | Reached skill level 5 in Shields
  7361 | D:8      | Killed Pikel
  7489 | D:8      | Killed Joseph
  7490 | D:8      | Reached XP level 10. HP: 107/107 MP: 9/9
  7801 | D:8      | Reached skill level 1 in Throwing
  7801 | D:8      | Reached skill level 5 in Dodging
  7872 | D:8      | Killed Maurice
  8116 | D:8      | Noticed a two-headed ogre
  8219 | D:8      | Killed a two-headed ogre
  8498 | D:9      | Noticed a cyclops
  8513 | D:9      | Killed a cyclops
  8514 | D:9      | Reached skill level 10 in Fighting
  9158 | D:10     | Entered Level 10 of the Dungeon
  9158 | D:10     | Noticed Sonja
  9164 | D:10     | Killed Sonja
  9178 | D:10     | Found a portal to a secret trove of treasure.
  9222 | D:9      | Reached XP level 11. HP: 119/119 MP: 10/10
  9570 | D:10     | Found a staircase to the Lair.
  9604 | D:10     | Noticed a two-headed ogre
  9715 | D:10     | Noticed a tengu warrior
  9876 | D:8      | Killed a two-headed ogre
 10214 | D:9      | Killed a tengu warrior
 10259 | D:9      | Reached skill level 11 in Fighting
 10341 | D:10     | Noticed Gastronok
 10370 | D:9      | Reached skill level 1 in Evocations
 10988 | D:10     | Killed Gastronok
 10989 | D:10     | Reached skill level 5 in Throwing
 11117 | D:10     | Found a hazy altar of Hepliaklqana.
 11256 | Lair:1   | Entered Level 1 of the Lair of Beasts
 11377 | Lair:1   | Reached XP level 12. HP: 109/130 MP: 11/11
 13199 | Lair:2   | Reached skill level 1 in Maces & Flails
 13590 | Lair:2   | Found a staircase to the Shoals.
 14313 | Shoals:1 | Entered Level 1 of the Shoals
 14313 | Shoals:1 | Noticed a stone giant
 14345 | Lair:2   | Hit by a large rock thrown by a stone giant

Illustrated notes

Levels and vault maps discovered:
D:1:      onia_arrival_mini_spirals, layout_rooms,
          shapermc_ecumenical_altar_flowoftime
D:2:      layout_loops_ring, nrook_mini_vaults, minivault_23,
          corexii_hall_statues_i, st_stairs_12, glass_columns_a,
          minmay_tetromino_t4
D:3:      layout_basic, bh_walls_and_bars, uniq_jessica
D:4:      layout_basic, tso_altar, minmay_pentomino_pile
D:5:      layout_basic, uniq_ijyb
D:6:      layout_basic, minmay_overflow_temple_hex,
          minmay_temple_entry_sparse_star, chequers_ossuary_entry_cave
D:7:      layout_rooms, uniq_crazy_yiuf_cottage, uniq_maggie, uniq_menkaure
D:8:      layout_loops_ring, nicolae_ashenzari_panopticon, uniq_joseph,
          uniq_pikel, uniq_maurice
D:9:      layout_roguey
D:10:     layout_big_octagon, lemuel_doored_altar, minmay_lair_entry_grove,
          enter_trove_1, uniq_gastronok, uniq_sonja
Temple:   cyrus_circular_temple
Lair:1:   layout_cave_shapes, st_stairs_7
Lair:2:   layout_roguey, minmay_shoals_entry_centaurs, grunt_megastairs_1,
          serial_bayou_shore_a, lemuel_fruit_tree
Shoals:1: layout_shoals, st_shoals_ruin

Skill      XL: |  1  2  3  4  5  6  7  8  9 10 11 12 |
---------------+-------------------------------------+-----
Fighting       | 3 4 5 6 7 9 10 11 | 11.6
Stealth        | 1 2 3 |  3.0
Dodging        | 3 4 5 7 |  7.7
Shields        | 3 4 5 6 7 |  7.9
Short Blades   | 1 2 |  2.3
Throwing       | 3 5 6 |  6.0
Evocations     | 1 |  1.3
Maces & Flails | 2 |  2.2
Long Blades    | |  1.8

Action                   |  1- 3 |  4- 6 |  7- 9 | 10-12 || total
-------------------------+-------+-------+-------+-------++-------
Melee: Long sword        |   142 |   157 |       |       ||   299
       Short sword       |       |    18 |   364 |   632 ||  1014
       Flail             |       |       |       |   169 ||   169
Throw: Dart              |       |       |     6 |    27 ||    33
       Boomerang         |       |       |       |     9 ||     9
       Throwing net      |       |       |       |     1 ||     1
Evoke: Wand              |       |       |     3 |    21 ||    24
  Use: Scroll            |       |     4 |     7 |    10 ||    21
       Potion            |       |       |     2 |     5 ||     7
 Stab: Sleeping          |       |     1 |     2 |     1 ||     4
       Distracted        |       |       |     2 |     2 ||     4
Armor: Robe              |    42 |    59 |    41 |       ||   142
       Steam dragon scal |       |       |    61 |   269 ||   330
Dodge: Dodged            |    40 |    63 |   134 |   459 ||   696
Block: Kite shield       |    66 |    90 |   209 |   564 ||   929
       Rpst.: Long sword |    15 |    21 |       |       ||    36
